AoeStats
← AiM | CanvaL

Arabian Desert

510088766Analyzed
1v1 RM · 2d ago on Sep 29, 2026· 20m 33s· 2 players
Game mode
Random Map
Map size
Tiny (2 player)
Population
200
Speed
Normal
Resources
Standard
Victory
Conquest
Starting age
Dark Age
Ending age
Imperial Age
RankedLock teamsTeams togetherTeam positionsShared explorationLock speedFull tech treeHidden civsTurbo modeCheats
Victory
Defeat
🇨🇱 Khmer · Chile
1499
+14
🇳🇱 Franks · Netherlands
1458
-14
playerofthegame
8:00 Loom
10:07 Feudal Age
10:58 Double-Bit Axe
13:30 Scale Barding Armor
14:07 Forging
18:38 Scale Mail Armor
AiM | CanvaL
6:41 Loom
9:01 Feudal Age
9:44 Double-Bit Axe
16:39 Bloodlines
18:58 Forging
Connection lost

Rejoining the realm…

Still unreachable

The connection could not be restored.

Session expired

The server has moved on; the page needs a fresh start.